 Dungeon Crawl Stone Soup version 0.23.2-33-g5129a83184 (webtiles) character file.

Game seed: 5344877259349756381

575 dvd the Chopper (level 7, -2/61 HPs)
             Began as a Minotaur Fighter on June 27, 2019.
             Was a Follower of Uskayaw.
             Slain by an orc warrior
             ... wielding a +0 flail
              (19 damage)
             ... on level 6 of the Dungeon.
             The game lasted 00:04:42 (2832 turns).

dvd the Chopper (Minotaur Fighter)                  Turns: 2832, Time: 00:04:43

Health: -2/61      AC:  6    Str: 25    XL:     7   Next: 12%
Magic:  13/15      EV:  8    Int:  5    God:    Uskayaw [*.....]
Gold:   276        SH: 10    Dex: 11    Spells: 6/6 levels left

rFire    . . .     SeeInvis .   a - +0 war axe
rCold    . . .     Gourm    .   c - +0 shield
rNeg     . . .     Faith    .   b - +0 scale mail
rPois    .         Spirit   .   (helmet restricted)
rElec    .         Reflect  .   (no cloak)
rCorr    .         Harm     .   (no gloves)
MR       +++..                  (no boots)
Stlth    +.........             (no amulet)
HPRegen  0.20/turn              o - ring "Kavaedip" {*Corrode MR+++ MP+9 Str+4 Stlth+}
MPRegen  0.14/turn              m - +3 ring of protection

@: corroded
A: retaliatory headbutt, horns 2
a: Stomp, Renounce Religion


You were on level 6 of the Dungeon.
You worshipped Uskayaw.
Uskayaw was noncommittal.
You were hungry.

You visited 1 branch of the dungeon, and saw 5 of its levels.

You collected 276 gold pieces.

Inventory:

Hand Weapons
 a - a +0 war axe (weapon)
Armour
 b - a +0 scale mail (worn)
 c - a +0 shield (worn)
Jewellery
 h - an uncursed ring of magical power
 m - a +3 ring of protection (right hand)
 n - an uncursed ring of flight
 o - the ring "Kavaedip" (left hand) {*Corrode MR+++ MP+9 Str+4 Stlth+}
   (You found it on level 5 of the Dungeon)

   [ring of magical power]

   It affects your strength (+4).
   It affects your resistance to hostile enchantments.
   It affects your magic capacity (+9).
   It may corrode you when you take damage.
   It makes you more stealthy.
Wands
 g - a wand of polymorph (11)
Scrolls
 e - 2 scrolls of teleportation {unknown}
 i - 2 scrolls of identify {unknown}
 l - a scroll of fear {unknown}
Potions
 d - 2 potions of might
 j - 3 potions of magic {unknown}
 k - a potion of brilliance {unknown}
 p - a potion of agility {unknown}
 q - a potion of heal wounds {unknown}
 r - a potion of curing {unknown}
Comestibles
 f - 10 rations


   Skills:
 + Level 5.0 Fighting
 + Level 6.1 Axes
 + Level 5.2 Armour
 + Level 1.2 Dodging
 + Level 0.3 Stealth
 + Level 5.8 Shields


You had 6 spell levels left.
You didn't know any spells.
Your spell library contained the following spells:

 Spells                   Type           Power        Failure   Level  Hunger
 Magic Dart               Conj           #...         98%         1    ##.....
 Searing Ray              Conj           #.....       99%         2    ###....
 Dazzling Spray           Conj/Hex       #.....       100%        3    ####...
 Force Lance              Conj/Tloc      #.......     100%        4    #####..
 Fulminant Prism          Conj/Hex       #.........   100%        4    #####..
 Iskenderun's Mystic Bla  Conj           #.......     100%        4    #####..


Dungeon Overview and Level Annotations

Branches:
Dungeon (6/15)
 Temple: D:4-7

Altars:
Uskayaw
Vehumet
Wu Jian
Yredelemnul


Innate Abilities, Weirdness & Mutations

You reflexively headbutt those who attack you in melee.
You have a pair of horns on your head.


Message History

You slash the orc!
You kill the orc!
The orc warrior hits you with a +0 flail.
The crimson imp hits you but does no damage.
You closely miss the orc warrior.
The orc warrior is almost dead.
You closely miss the crimson imp. You block the crimson imp's attack.
The orc warrior hits you with a +0 flail!
* * * LOW HITPOINT WARNING * * *
Your corrosive artefact corrodes you!
You closely miss the orc warrior.
The orc warrior is almost dead.
You closely miss the crimson imp.
The crimson imp hits you but does no damage.
The orc warrior hits you but does no damage.
You hit the orc warrior but do no damage.
The orc warrior is almost dead.
You hit the crimson imp. You block the crimson imp's attack.
The orc warrior hits you with a +0 flail!!
You die...

####### #.....# #.....#
#.....# ##### #.....##
#.... #......## #....
###....<..#### #....
......5@#....# ####....
?.....o)####.####.......
........# #......##[...
#....#####.....#####....
#...# # #.###.####.....
#... ....###.....>####
#.# ####.....##### ..
#..###.## #. #..#


You could see an orc warrior and a crimson imp.

Vanquished Creatures
  An ogre (D:6)
  A centaur (D:5)
  A howler monkey (D:5)
  A hound (D:6)
  An orc wizard (D:6)
  2 bullfrog skeletons
  An iguana (D:5)
  2 worker ants
  2 hound zombies (D:5)
  7 adders
  An ooze (D:5)
  An adder zombie (D:5)
  2 worms (D:2)
  3 dart slugs
  2 leopard geckos (D:5)
  7 orcs
  4 giant cockroaches
  3 goblins (D:2)
  6 hobgoblins
  2 jackals (D:1)
  4 quokkas
  A ball python (D:2)
  5 bats
  6 frilled lizards
  A jackal zombie (D:5)
  6 kobolds
  6 rats
79 creatures vanquished.

Notes
Turn   | Place    | Note
-------+----------+-------------------------------------------
     0 | D:1      | dvd the Minotaur Fighter began the quest for the Orb.
     0 | D:1      | Reached XP level 1. HP: 19/19 MP: 0/0
   291 | D:1      | Reached XP level 2. HP: 25/27 MP: 1/1
   800 | D:2      | Reached skill level 3 in Axes
   800 | D:2      | Reached XP level 3. HP: 30/34 MP: 2/2
   955 | D:2      | Reached XP level 4. HP: 30/41 MP: 3/3
  1225 | D:2      | Found a hide-covered altar of Uskayaw.
  1261 | D:2      | Became a worshipper of Uskayaw the Reveler
  1631 | D:3      | Reached * piety under Uskayaw
  1723 | D:3      | Found a radiant altar of Vehumet.
  1740 | D:3      | Reached ** piety under Uskayaw
  1742 | D:3      | You fall through a shaft for 2 floors!
  1742 | D:5      | Entered Level 5 of the Dungeon
  1742 | D:5      | Found a basalt altar of Yredelemnul.
  1743 | D:5      | Noticed a centaur
  1747 | D:5      | Killed a centaur
  1747 | D:5      | Reached skill level 4 in Axes
  1747 | D:5      | Reached XP level 5. HP: 36/47 MP: 4/4
  1747 | D:5      | Reached *** piety under Uskayaw
  1882 | D:5      | Got a heavily runed marble ring
  1890 | D:5      | Identified the ring "Kavaedip" {*Corrode MR+++ MP+9 Str+4
                  | Stlth+} (You found it on level 5 of the Dungeon)
  2013 | D:5      | Reached XP level 6. HP: 55/55 MP: 5/5
  2018 | D:5      | Reached skill level 5 in Shields
  2083 | D:5      | Reached skill level 5 in Axes
  2108 | D:5      | Reached skill level 1 in Dodging
  2226 | D:5      | Found an ornate altar of the Wu Jian Council.
  2265 | D:5      | Reached skill level 5 in Armour
  2468 | D:6      | Reached skill level 5 in Fighting
  2512 | D:6      | Reached XP level 7. HP: 37/61 MP: 6/6
  2796 | D:6      | Reached skill level 6 in Axes
  2832 | D:6      | Slain by an orc warrior

Skill      XL: |  1  2  3  4  5  6  7 |
---------------+----------------------+-----
Fighting       | 4 5 |  5.0
Shields        | 4 5 |  5.8
Axes           | 3 4 5 6 |  6.1
Armour         | 4 5 |  5.2
Dodging        | 1 |  1.2
Stealth        | |  0.3

Action                   |  1- 3 |  4- 6 |  7- 9 || total
-------------------------+-------+-------+-------++-------
Melee: War axe           |    83 |   109 |    12 ||   204
       Headbutt          |     9 |    24 |     3 ||    36
Invok: Stomp             |       |     1 |     1 ||     2
  Eat: Chunk             |       |     6 |       ||     6
Armor: Scale mail        |    46 |    44 |     7 ||    97
Dodge: Dodged            |    29 |    27 |     3 ||    59
Block: Shield            |    51 |    63 |     7 ||   121
